 Dungeon Crawl Stone Soup version 0.31-a0-174-g85c54bcb58 (webtiles) character file.

Game seed: 18338578599419746923

46795 qw the Severer (level 14, -2/90 HPs)
             Began as a Gargoyle Fighter on June 15, 2023.
             Was an Elder of Okawaru.
             Slain by a raiju (3 damage)
             ... on level 5 of the Lair of Beasts.
             The game lasted 00:09:55 (17338 turns).

qw the Severer (Gargoyle Fighter)                  Turns: 17338, Time: 00:09:56

Health: -2/90      AC: 41    Str: 30    XL:     14   Next: 39%
Magic:  19/21      EV: 12    Int: 16    God:    Okawaru [****..]
Gold:   469        SH:  7    Dex: 15    Spells: 13/13 levels left

rFire   . . .        A - +2 morningstar (protect)
rCold   . . .        c - +0 buckler
rNeg    + + .        v - +0 plate armour
rPois   inf          n - +0 helmet
rElec   +            (no cloak)
rCorr   .            y - +1 pair of gloves
SInv    .            q - +1 pair of boots
Will    +....        g - amulet of faith Stlth
                     k - +6 ring of dexterity
HPRegen 0.35/turn    B - ring "Pilanukh" {*Corrode rN+ Str+6 Int+6}
MPRegen 0.17/turn

%: corrode self (3%), faith
@: about to teleport, heroic, under a protective aura, flying
A: sickness immunity, AC +10, big wings, negative energy resistance 1,
electricity resistance, torment resistance 1, petrification resistance
a: Renounce Religion, Heroism, Finesse


You were on level 5 of the Lair of Beasts.
You worshipped Okawaru.
Okawaru was greatly pleased with you.
You visited 3 branches of the dungeon, and saw 18 of its levels.

You collected 1063 gold pieces.
You spent 594 gold pieces at shops.


Innate Abilities, Weirdness & Mutations

You are immune to sickness and miasma.
Your stone body is resilient. (AC +10)
You are immune to poison.
Your large and strong wings let you fly.
You resist negative energy. (rN+)
You are resistant to electric shocks. (rElec)
You are resistant to unholy torment.
You are immune to petrification.


   Skills:
 + Level 11.3(16.3) Fighting
 - Level 15.0(20.0) Axes
 - Level 4.9(9.9) Throwing
 - Level 11.0(16.0) Armour
 - Level 4.0(9.0) Dodging
 - Level 7.0(12.0) Shields
 - Level 10.0 Invocations


You had 13 spell levels left.
You didn't know any spells.
Your spell library was empty.

Inventory:

Hand Weapons
 o - the +3 broad axe of the Penguin {freeze, rPois Str+4}
   (You acquired it on level 3 of the Dungeon)

   Str:       It affects your strength (+4).
   rPois:     It protects you from poison.
 w - a +3 heavy war axe
 A - a +2 morningstar of protection (weapon)
Armour
 c - a +0 buckler (worn)
 h - a +0 chain mail of fire resistance
 n - a +0 helmet (worn)
 q - a +1 pair of boots (worn)
 r - the +3 scale mail "Warhavua" {rC+ rCorr}
   (Okawaru gifted it to you on level 2 of the Lair of Beasts)

   rC:        It protects you from cold.
   rCorr:     It protects you from acid and corrosion.
 v - a +0 plate armour (worn)
 y - a +1 pair of gloves (worn)
Jewellery
 g - an amulet of faith (around neck)
 i - the ring "Aplumufi" {Wiz Drain rElec rCorr Str-4}
   (You found it on level 9 of the Dungeon)

   [ring of wizardry]

   It improves your spell success rate.
   Str:       It affects your strength (-4).
   rElec:     It insulates you from electricity.
   rCorr:     It protects you from acid and corrosion.
   Drain:     It drains your maximum health when unequipped.
 k - a +6 ring of dexterity (left hand)
 t - an amulet of regeneration
 B - the ring "Pilanukh" (right hand) {*Corrode rN+ Str+6 Int+6}
   (You found it on level 11 of the Dungeon)

   [ring of positive energy]

   Str:       It affects your strength (+6).
   Int:       It affects your intelligence (+6).
   rN:        It protects you from negative energy.
   *Corrode:  It may corrode you when you take damage.
Scrolls
 a - 3 scrolls of teleportation
 f - 5 scrolls of identify
 p - 2 scrolls of enchant weapon
Potions
 b - 2 potions of cancellation
 d - 2 potions of might
 e - 10 potions of curing
 j - a potion of haste
 l - 3 potions of magic
 m - a potion of attraction
 x - 3 potions of lignification
 z - 3 potions of mutation

Dungeon Overview and Level Annotations

Branches:
Dungeon (12/15)            Temple (1/1) D:7            Lair (5/5) D:11
  Swamp (0/4) Lair:2       Spider (0/4) Lair:2        Slime (0/5) Lair:4
    Orc: D:9-12

Altars:
Ashenzari
Cheibriados
Dithmenos
Elyvilon
Fedhas
Gozag
Hepliaklqana
Kikubaaqudgha
Makhleb
Nemelex Xobeh
Okawaru
Qazlal
Ru
Sif Muna
Trog
Uskayaw
Vehumet
Wu Jian
Xom
Yredelemnul
Zin
The Shining One
Jiyva

Shops:
D:2 [   D:4 (   D:8 ((==   D:9 :   D:10 :   D:11 ?

Annotations:
D:7 4 runed translucent doors, Crazy Yiuf; qw's ghost, novice NaHu
D:11 1 runed translucent door
Lair:2 2 transporters, exclusion: electric eel


Message History

The yak misses you. The yak gores you.
You puncture the yak!
The yak is almost dead.
The water moccasin bites you but does no damage.
You impale the yak!!
You kill the yak!
Okawaru accepts your kill. You block the water moccasin's attack.
The yak closely misses you.
You impale the komodo dragon!!
The komodo dragon is heavily wounded.
Your surroundings suddenly seem different. 2 polar bears, a boulder beetle and 7 hounds come into view.
Found Kovutsi's Atlas of Atmospheric Bones, a runed halberd and 10 gold pieces.
The polar bear growls angrily. x2; The wolf howls!
The warg howls!
The wolf howls!
The raiju barks!
The warg howls!
The hell hound barks! x2
You hear a howl!
The hell hound bites you but does no damage.
The raiju bites you but does no damage. The warg barely misses you.
The hell hound bites you but does no damage.
Enter note:
Enter note:
Enter note:
Enter note:
Enter note:
Enter note:
Enter note:
Enter note:
Enter note:
17338 ||| READING 4 scrolls of teleportation.
As you read the scroll of teleportation, it crumbles to dust.
You feel strangely unstable. The hell hound breathes flames at you.
The blast of flame hits you but does no damage.
You block the warg's attack. The hell hound barely misses you.
The hell hound closely misses you.
A black bear comes into view.
The polar bear bites you. The polar bear closely misses you.
The polar bear barely misses you. The boulder beetle bites you!
The raiju bites you. The raiju shocks you. You resist.
You die...

.. . .. #.
h# #.#.#
h# ###.h.#
## #
.......#)
...
....:.hh##
...
#h.hB@h#
...
##..hh## .
##..h#
#$..#
#####


You could see a boulder beetle, 2 polar bears, a raiju, 2 wargs, 2 hell hounds,
a black bear (wandering) and 2 wolves.

Vanquished Creatures
  Harold (Lair:2)
  A boulder beetle (Lair:1)
  7 hydras
  2 catoblepae
  5 two-headed ogres
  A skyshark (Lair:3)
  A pharaoh ant (Lair:2)
  An elephant (Lair:2)
  9 black mambas
  18 cane toads
  Maggie (D:7)
  A torpor snail (Lair:2)
  6 rime drakes (Lair:3)
  8 komodo dragons
  Prince Ribbit (D:5)
  A polar bear (Lair:2)
  4 trolls (D:11)
  17 blink frogs
  3 tyrant leeches (Lair:2)
  5 dream sheep (Lair:4)
  A shadow (D:11)
  9 wyverns
  4 wraiths
  34 yaks
  2 basilisks
  2 steam dragons
  2 redbacks (Lair:2)
  3 vampire mosquitoes (D:10)
  A swamp worm (Lair:2)
  An orc warrior (D:8)
  A hell hound (Lair:5)
  12 water moccasins
  3 sky beasts
  7 black bears
  4 ogres
  20 wolves
  4 phantoms
  15 centaurs
  3 kobold brigands
  14 bullfrogs
  3 gnoll sergeants (D:8)
  2 scorpions
  12 wights
  6 killer bees
  7 howler monkeys
  5 hounds
  4 jellies
  3 gnoll boudas
  5 orc priests
  3 sleepcaps
  2 iguanas
  8 orc wizards
  27 gnolls
  9 river rats (D:7)
  6 adders
  2 white imps
  3 dart slugs
  15 orcs
  6 ball pythons
  11 bats
  8 endoplasms
  4 giant cockroaches
  8 goblins
  8 hobgoblins
  6 jackals
  4 quokkas
  4 frilled lizards
  25 kobolds
  22 rats
463 creatures vanquished.

Notes
Turn   | Place    | Note
-------+----------+-------------------------------------------
     0 | D:1      | qw the Gargoyle Fighter began the quest for the Orb.
     0 | D:1      | Reached XP level 1. HP: 14/14 MP: 1/1
     0 | D:1      | 0 ||| qw: Version: 0.2-a-29-g511e9b1
     0 | D:1      | 0 ||| qw: Game counter: 5362
     0 | D:1      | 0 ||| qw: Always use a shield: true
     0 | D:1      | 0 ||| qw: God list: Okawaru
     0 | D:1      | 0 ||| qw: Allow faded altars: false
     0 | D:1      | 0 ||| qw: Do Orc after D:15 true
     0 | D:1      | 0 ||| qw: Do second Lair branch before Depths: true
     0 | D:1      | 0 ||| qw: Lair rune preference: random
     0 | D:1      | 0 ||| qw: Plans: Normal, Zot:1-4, Slime:5, God:TSO, Crypt,
                  | Tomb, Abyss, Pan, Hells, Win
     0 | D:1      | 0 ||| PLANNING D:1-11
    19 | D:1      | Reached skill level 2 in Axes
    21 | D:1      | 21 ||| Stepping ~*~*~tactically~*~*~ (stealth).
    22 | D:1      | 22 ||| Stepping ~*~*~tactically~*~*~ (stealth).
    24 | D:1      | 24 ||| Stepping ~*~*~tactically~*~*~ (stealth).
    90 | D:1      | Reached XP level 2. HP: 18/19 MP: 2/2
   282 | D:1      | 282 ||| DROPPING +0 club.
   540 | D:1      | Reached skill level 3 in Axes
   657 | D:1      | Reached XP level 3. HP: 23/23 MP: 3/3
   675 | D:1      | 675 ||| READING 2 scrolls labelled ZUFRUXKOSK.
   679 | D:1      | 679 ||| READING scroll labelled ZEFEIK LYELIOPH.
   680 | D:1      | 680 ||| READING scroll labelled QOAMMUWYGH.
   681 | D:1      | 681 ||| READING scroll labelled WIMUMEIHOC.
   775 | D:2      | 775 ||| Stepping ~*~*~tactically~*~*~ (stealth).
   786 | D:2      | 786 ||| Stepping ~*~*~tactically~*~*~ (stealth).
   798 | D:2      | 798 ||| Stepping ~*~*~tactically~*~*~ (stealth).
   800 | D:2      | 800 ||| Stepping ~*~*~tactically~*~*~ (hiding).
   801 | D:2      | 801 ||| Stepping ~*~*~tactically~*~*~ (hiding).
   988 | D:2      | Found Ganwicec's Antique Armour Boutique.
   996 | D:2      | 996 ||| SHOPLISTING chain mail (81 gold, have 43).
   996 | D:2      | 996 ||| SHOPLISTING pair of boots (81 gold, have 43).
   996 | D:2      | 996 ||| SHOPLISTING pair of runed gloves (135 gold, have
                  | 43).
  1015 | D:2      | 1015 ||| Stepping ~*~*~tactically~*~*~ (stealth).
  1024 | D:2      | Reached XP level 4. HP: 27/28 MP: 4/4
  1029 | D:2      | You fall into a shaft and drop 1 floor!
  1200 | D:2      | 1200 ||| Stepping ~*~*~tactically~*~*~ (stealth).
  1261 | D:2      | Reached skill level 4 in Axes
  1499 | D:2      | 1499 ||| UPGRADING to +6 ring of dexterity.
  1500 | D:2      | 1500 ||| READING scroll labelled OSOIG VUSSER.
  1501 | D:2      | 1501 ||| READING 2 scrolls of identify.
  1501 | D:2      | 1501 ||| IDENTIFYING murky inky potion
  1788 | D:3      | Found a stormy altar of Qazlal.
  2397 | D:3      | 2397 ||| UPGRADING to +0 helmet.
  2402 | D:3      | 2402 ||| READING scroll labelled XUROACS UFUZOO.
  2402 | D:3      | Identified a scroll of acquirement
  2402 | D:3      | 2402 ||| ACQUIRING +3 broad axe of the Penguin {freeze,
                  | rPois Str+4}
  2402 | D:3      | Acquired the +3 broad axe of the Penguin {freeze, rPois
                  | Str+4}
  2404 | D:3      | 2404 ||| UPGRADING to +3 broad axe of the Penguin {freeze,
                  | rPois Str+4}.
  2405 | D:3      | 2405 ||| READING scroll labelled JOKETA IHEWI.
  2406 | D:3      | 2406 ||| DRINKING 2 amethyst potions.
  2407 | D:3      | 2407 ||| DRINKING 2 bubbling amethyst potions.
  2408 | D:3      | 2408 ||| DROPPING potion of enlightenment.
  2467 | D:4      | Noticed an ogre
  2475 | D:4      | Killed an ogre
  2476 | D:4      | Reached XP level 5. HP: 17/32 MP: 5/5
  2585 | D:4      | Noticed a phantom
  2593 | D:4      | Killed a phantom
  2594 | D:4      | Reached XP level 6. HP: 34/37 MP: 6/6
  2647 | D:4      | 2647 ||| Stepping ~*~*~tactically~*~*~ (hiding).
  2717 | D:4      | Noticed a black bear
  2722 | D:4      | Killed a black bear
  2723 | D:4      | Reached skill level 5 in Axes
  2744 | D:4      | 2744 ||| Stepping ~*~*~tactically~*~*~ (hiding).
  2989 | D:4      | Found Reshrubu's Antique Weapon Shoppe.
  2997 | D:4      | 2997 ||| BUYING mace (72 gold).
  2997 | D:4      | Bought a mace for 72 gold pieces
  2997 | D:4      | 2997 ||| DROPPING +0 whip.
  3092 | D:4      | Reached XP level 7. HP: 43/43 MP: 7/7
  3112 | D:4      | 3112 ||| DROPPING +0 mace.
  3275 | D:4      | 3275 ||| UPGRADING to +0 chain mail.
  3285 | D:4      | 3285 ||| DROPPING +0 scale mail.
  3305 | D:5      | Entered Level 5 of the Dungeon
  3421 | D:5      | Reached skill level 6 in Axes
  3470 | D:5      | Noticed Prince Ribbit
  3480 | D:5      | 3480 ||| FLEEEEING.
  3482 | D:5      | Killed Prince Ribbit
  3483 | D:5      | Reached skill level 7 in Axes
  3483 | D:5      | Reached XP level 8. HP: 17/48 MP: 8/8
  3698 | D:5      | 3698 ||| Stepping ~*~*~tactically~*~*~ (hiding).
  3699 | D:5      | 3699 ||| Stepping ~*~*~tactically~*~*~ (hiding).
  4184 | D:5      | 4184 ||| DRINKING 2 sapphire potions.
  4185 | D:5      | 4185 ||| READING 3 scrolls of identify.
  4185 | D:5      | 4185 ||| IDENTIFYING white potion
  4186 | D:5      | 4186 ||| READING 2 scrolls of identify.
  4186 | D:5      | 4186 ||| IDENTIFYING inky potion
  4187 | D:5      | 4187 ||| DROPPING potion of brilliance.
  4364 | D:6      | Reached skill level 8 in Axes
  4401 | D:6      | 4401 ||| DROPPING +0 flail.
  4445 | D:6      | Noticed a two-headed ogre
  4453 | D:6      | Killed a two-headed ogre
  4454 | D:6      | Reached XP level 9. HP: 23/59 MP: 9/9
  4629 | D:6      | 4629 ||| Stepping ~*~*~tactically~*~*~ (hiding).
  4630 | D:6      | 4630 ||| Stepping ~*~*~tactically~*~*~ (hiding).
  4631 | D:6      | 4631 ||| Stepping ~*~*~tactically~*~*~ (hiding).
  4922 | D:6      | 4922 ||| UPGRADING to amulet of faith.
  5011 | D:7      | Noticed a troll
  5023 | D:7      | Noticed qw's ghost (novice NaHu)
  5041 | D:7      | Noticed a cyclops
  5054 | D:7      | Found a runed translucent gate.
  5054 | D:7      | Found a runed translucent gate.
  5054 | D:7      | Found a runed translucent gate.
  5166 | D:7      | Noticed Maggie
  5178 | D:7      | Killed Maggie
  5179 | D:7      | Reached skill level 9 in Axes
  5374 | D:7      | Found a staircase to the Ecumenical Temple.
  5375 | D:7      | 5375 ||| PLANNING TEMPLE
  5375 | D:7      | 5375 ||| READING scroll labelled BYDUZ EFRINI.
  5376 | D:7      | 5376 ||| READING scroll labelled QYHUSE MOECO.
  5377 | D:7      | 5377 ||| READING 2 scrolls of identify.
  5377 | D:7      | 5377 ||| IDENTIFYING lumpy sapphire potion
  5383 | Temple   | Entered the Ecumenical Temple
  5455 | Temple   | 5455 ||| PLANNING OKAWARU WORSHIP
  5558 | Temple   | Became a worshipper of Warmaster Okawaru
  5559 | Temple   | 5559 ||| PLANNING D:1-11
  5675 | D:7      | Found a runed translucent door.
  5676 | D:7      | Noticed Crazy Yiuf
  6660 | D:8      | Noticed a two-headed ogre
  6670 | D:8      | HP: 7/59 [two-headed ogre/+0 giant spiked club (9)]
  6671 | D:8      | 6671 ||| READING 3 scrolls of teleportation.
  6672 | D:8      | 6672 ||| DRINKING 2 potions of heal wounds.
  6673 | D:8      | 6673 ||| DRINKING potion of heal wounds.
  6760 | D:8      | Noticed a two-headed ogre
  6764 | D:8      | Killed a two-headed ogre
  6764 | D:8      | Reached * piety under Okawaru
  6765 | D:8      | Reached skill level 10 in Axes
  6765 | D:8      | Reached XP level 10. HP: 44/64 MP: 10/10
  6773 | D:8      | 6773 ||| Stepping ~*~*~tactically~*~*~ (hiding).
  6774 | D:8      | 6774 ||| Stepping ~*~*~tactically~*~*~ (hiding).
  6792 | D:8      | 6792 ||| Stepping ~*~*~tactically~*~*~ (stealth).
  6804 | D:8      | 6804 ||| INVOKING Heroism.
  6811 | D:8      | Reached skill level 1 in Invocations
  6834 | D:8      | 6834 ||| INVOKING Heroism.
  6851 | D:8      | 6851 ||| INVOKING Heroism.
  6858 | D:8      | Killed a two-headed ogre
  6858 | D:8      | Reached ** piety under Okawaru
  6859 | D:8      | Reached skill level 3 in Invocations
  6969 | D:8      | 6969 ||| DRINKING 8 potions of curing.
  6969 | D:8      | 6969 ||| (to cure confusion)
  7043 | D:8      | 7043 ||| DROPPING +1 flail.
  7076 | D:8      | Found a sparkling altar of Nemelex Xobeh.
  7078 | D:8      | Found a blossoming altar of Fedhas.
  7079 | D:8      | Found a shadowy altar of Dithmenos.
  7090 | D:8      | Found an opulent altar of Gozag.
  7093 | D:8      | Found a white marble altar of Elyvilon.
  7125 | D:8      | 7125 ||| Stepping ~*~*~tactically~*~*~ (hiding).
  7134 | D:8      | 7134 ||| Stepping ~*~*~tactically~*~*~ (stealth).
  7136 | D:8      | Found Biwun's Jewellery Shoppe.
  7139 | D:8      | 7139 ||| Stepping ~*~*~tactically~*~*~ (stealth).
  7140 | D:8      | 7140 ||| Stepping ~*~*~tactically~*~*~ (stealth).
  7141 | D:8      | 7141 ||| Stepping ~*~*~tactically~*~*~ (hiding).
  7142 | D:8      | 7142 ||| Stepping ~*~*~tactically~*~*~ (hiding).
  7144 | D:8      | 7144 ||| INVOKING Heroism.
  7199 | D:8      | 7199 ||| Stepping ~*~*~tactically~*~*~ (hiding).
  7202 | D:8      | Found Kieplai's Antique Weapon Emporium.
  7216 | D:8      | 7216 ||| BUYING glowing war axe (156 gold).
  7216 | D:8      | Bought a glowing war axe for 156 gold pieces
  7216 | D:8      | 7216 ||| DROPPING +0 war axe.
  7230 | D:8      | 7230 ||| Stepping ~*~*~tactically~*~*~ (hiding).
  7232 | D:8      | 7232 ||| Stepping ~*~*~tactically~*~*~ (hiding).
  7234 | D:8      | 7234 ||| Stepping ~*~*~tactically~*~*~ (stealth).
  7237 | D:8      | 7237 ||| INVOKING Heroism.
  7239 | D:8      | Reached skill level 1 in Throwing
  7439 | D:8      | 7439 ||| Stepping ~*~*~tactically~*~*~ (hiding).
  7442 | D:8      | 7442 ||| Stepping ~*~*~tactically~*~*~ (hiding).
  7444 | D:8      | 7444 ||| Stepping ~*~*~tactically~*~*~ (hiding).
  7455 | D:8      | 7455 ||| INVOKING Heroism.
  7528 | D:8      | 7528 ||| SHOPLISTING +6 ring of dexterity (360 gold, have
                  | 228).
  7528 | D:8      | 7528 ||| SHOPLISTING amulet of reflection (300 gold, have
                  | 228).
  7528 | D:8      | 7528 ||| SHOPLISTING amulet of the acrobat (300 gold, have
                  | 228).
  7552 | D:8      | 7552 ||| INVOKING Heroism.
  7566 | D:8      | 7566 ||| Stepping ~*~*~tactically~*~*~ (stealth).
  7581 | D:8      | 7581 ||| Stepping ~*~*~tactically~*~*~ (stealth).
  7678 | D:8      | Found Hoih's Antique Weapon Boutique.
  7690 | D:8      | 7690 ||| BUYING glowing morningstar (196 gold).
  7690 | D:8      | Bought a glowing morningstar for 196 gold pieces
  7690 | D:8      | 7690 ||| DROPPING +4 flail.
  7731 | D:8      | Found Xuimugic's Jewellery Boutique.
  7739 | D:8      | 7739 ||| SHOPLISTING +6 ring of strength (432 gold, have
                  | 32).
  7739 | D:8      | 7739 ||| SHOPLISTING ring of positive energy (240 gold,
                  | have 32).
  7739 | D:8      | 7739 ||| SHOPLISTING ring of protection from cold (300
                  | gold, have 32).
  7873 | D:8      | 7873 ||| INVOKING Heroism.
  7903 | D:8      | 7903 ||| UPGRADING to +0 plate armour.
  7913 | D:8      | 7913 ||| DROPPING +0 chain mail.
  7914 | D:8      | 7914 ||| READING scroll labelled ATINID LITYRPH.
  7915 | D:8      | 7915 ||| READING scroll labelled GATEIG ULO TYEC.
  7916 | D:8      | 7916 ||| READING scroll labelled XUTI BI WATT.
  7963 | D:9      | Reached skill level 6 in Armour
  8044 | D:9      | 8044 ||| Stepping ~*~*~tactically~*~*~ (hiding).
  8045 | D:9      | 8045 ||| INVOKING Heroism.
  8056 | D:9      | Reached skill level 11 in Axes
  8129 | D:9      | Found Jitaif's Tremendous Tomes.
  8219 | D:9      | Noticed a two-headed ogre
  8220 | D:9      | 8220 ||| INVOKING Heroism.
  8231 | D:9      | Killed a two-headed ogre
  8231 | D:9      | Reached *** piety under Okawaru
  8232 | D:9      | Reached XP level 11. HP: 52/68 MP: 12/14
  8296 | D:9      | Identified the ring "Aplumufi" {Wiz Drain rElec rCorr
                  | Str-4}
  8530 | D:9      | Noticed a two-headed ogre
  8531 | D:9      | 8531 ||| INVOKING Heroism.
  8541 | D:9      | Killed a two-headed ogre
  8542 | D:9      | Reached skill level 9 in Fighting
  8758 | D:9      | 8758 ||| UPGRADING to +1 pair of boots.
  8790 | D:10     | Entered Level 10 of the Dungeon
  8893 | D:10     | Reached skill level 3 in Dodging
  8987 | D:10     | 8987 ||| Stepping ~*~*~tactically~*~*~ (hiding).
  9062 | D:10     | 9062 ||| Stepping ~*~*~tactically~*~*~ (stealth).
  9074 | D:10     | 9074 ||| FLEEEEING.
  9075 | D:10     | 9075 ||| FLEEEEING.
  9076 | D:10     | 9076 ||| FLEEEEING.
  9077 | D:10     | 9077 ||| FLEEEEING.
  9079 | D:10     | 9079 ||| FLEEEEING.
  9080 | D:10     | 9080 ||| FLEEEEING.
  9081 | D:10     | 9081 ||| FLEEEEING.
  9082 | D:10     | 9082 ||| FLEEEEING.
  9083 | D:10     | 9083 ||| FLEEEEING.
  9084 | D:10     | 9084 ||| FLEEEEING.
  9085 | D:10     | 9085 ||| FLEEEEING.
  9086 | D:10     | 9086 ||| FLEEEEING.
  9087 | D:10     | 9087 ||| FLEEEEING.
  9088 | D:10     | 9088 ||| FLEEEEING.
  9089 | D:10     | 9089 ||| FLEEEEING.
  9090 | D:10     | 9090 ||| FLEEEEING.
  9093 | D:10     | 9093 ||| FLEEEEING.
  9094 | D:10     | 9094 ||| FLEEEEING.
  9095 | D:10     | 9095 ||| FLEEEEING.
  9096 | D:10     | 9096 ||| FLEEEEING.
  9097 | D:10     | 9097 ||| STAIRDANCE
  9147 | D:9      | 9147 ||| READING scroll labelled NIPIOC IM DEHO.
  9148 | D:9      | 9148 ||| READING scroll labelled FOPPIU AQEJO.
  9151 | D:10     | 9151 ||| Stepping ~*~*~tactically~*~*~ (hiding).
  9160 | D:10     | Reached **** piety under Okawaru
  9245 | D:10     | Found Tejig's Book Shoppe.
  9383 | D:10     | 9383 ||| Stepping ~*~*~tactically~*~*~ (hiding).
  9391 | D:10     | 9391 ||| INVOKING Heroism.
  9688 | D:11     | 9688 ||| PLANNING GAUNTLET
  9745 | D:11     | 9745 ||| INVOKING Heroism.
  9855 | D:11     | 9855 ||| INVOKING Heroism.
  9944 | D:11     | 9944 ||| INVOKING Heroism.
  9966 | D:11     | Identified the ring "Pilanukh" {*Corrode rN+ Str+6 Int+6}
  9979 | D:11     | 9979 ||| INVOKING Heroism.
  9983 | D:11     | 9983 ||| Stepping ~*~*~tactically~*~*~ (stealth).
  9984 | D:11     | 9984 ||| Stepping ~*~*~tactically~*~*~ (stealth).
 10014 | D:11     | Identified the +9 mace of the Valley of Death {flame, rF-
                  | rC+ rN+ Dex+3}
 10015 | D:11     | 10015 ||| Stepping ~*~*~tactically~*~*~ (stealth).
 10019 | D:11     | 10019 ||| Stepping ~*~*~tactically~*~*~ (hiding).
 10027 | D:11     | Reached skill level 12 in Axes
 10027 | D:11     | 10027 ||| FLEEEEING.
 10029 | D:11     | 10029 ||| FLEEEEING.
 10030 | D:11     | 10030 ||| FLEEEEING.
 10031 | D:11     | 10031 ||| FLEEEEING.
 10083 | D:11     | Found a gate leading to a gauntlet.
 10096 | D:11     | Reached skill level 6 in Invocations
 10153 | D:11     | 10153 ||| UPGRADING to +0 pair of gloves.
 10158 | D:11     | 10158 ||| UPGRADING to ring "Pilanukh" {*Corrode rN+ Str+6
                  | Int+6}.
 10159 | D:11     | 10159 ||| DRINKING 2 fuming ruby potions.
 10187 | D:11     | 10187 ||| INVOKING Heroism.
 10194 | D:11     | Reached skill level 6 in Shields
 10224 | D:11     | 10224 ||| Stepping ~*~*~tactically~*~*~ (stealth).
 10225 | D:11     | 10225 ||| Stepping ~*~*~tactically~*~*~ (stealth).
 10427 | D:11     | Received a gift from Okawaru
 10504 | D:12     | 10504 ||| RIP GAUNTLET
 10504 | D:12     | 10504 ||| PLANNING D:1-11
 10529 | D:11     | Found a staircase to the Lair.
 10536 | D:11     | 10536 ||| INVOKING Heroism.
 10849 | D:11     | Noticed a deep elf pyromancer
 10849 | D:11     | Noticed an orc knight
 10850 | D:11     | Noticed a deep elf pyromancer
 10850 | D:11     | Noticed a tengu warrior
 10850 | D:11     | Noticed a deep troll earth mage
 10850 | D:11     | Noticed a skeletal warrior
 10851 | D:11     | Noticed a cyclops
 10853 | D:11     | Found a runed translucent door.
 10970 | D:11     | Found Xeddish's Magic Scroll Emporium.
 10977 | D:11     | 10977 ||| BUYING 2 scrolls of identify (68 gold).
 10977 | D:11     | Bought 2 scrolls of identify for 68 gold pieces
 10977 | D:11     | 10977 ||| BUYING 3 scrolls of identify (102 gold).
 10977 | D:11     | Bought 3 scrolls of identify for 102 gold pieces
 10977 | D:11     | 10977 ||| SHOPLISTING scroll of enchant armour (127 gold,
                  | have 46).
 10977 | D:11     | 10977 ||| SHOPLISTING scroll of enchant weapon (127 gold,
                  | have 46).
 10977 | D:11     | 10977 ||| SHOPLISTING scroll of teleportation (51 gold,
                  | have 46).
 11114 | D:11     | Noticed a harpy
 11116 | D:11     | 11116 ||| READING 6 scrolls of identify.
 11116 | D:11     | 11116 ||| IDENTIFYING glowing grey potion
 11116 | D:11     | a harpy changed into a rime drake
 11117 | D:11     | 11117 ||| PLANNING LAIR
 11117 | D:11     | 11117 ||| READING 5 scrolls of identify.
 11117 | D:11     | 11117 ||| IDENTIFYING blue potion
 11118 | D:11     | 11118 ||| READING 4 scrolls of identify.
 11118 | D:11     | 11118 ||| IDENTIFYING cyan potion
 11119 | D:11     | 11119 ||| READING 3 scrolls of identify.
 11119 | D:11     | 11119 ||| IDENTIFYING fuming green potion
 11120 | D:11     | 11120 ||| DROPPING potion of degeneration.
 11121 | D:11     | 11121 ||| DROPPING potion of invisibility.
 11161 | Lair:1   | Entered Level 1 of the Lair of Beasts
 11162 | Lair:1   | 11162 ||| INVOKING Heroism.
 11188 | Lair:1   | 11188 ||| Stepping ~*~*~tactically~*~*~ (stealth).
 11190 | Lair:1   | 11190 ||| Stepping ~*~*~tactically~*~*~ (stealth).
 11222 | Lair:1   | 11222 ||| INVOKING Heroism.
 11225 | Lair:1   | Reached XP level 12. HP: 76/76 MP: 14/17
 11360 | Lair:1   | Noticed a boulder beetle
 11361 | Lair:1   | 11361 ||| INVOKING Heroism.
 11376 | Lair:1   | Killed a boulder beetle
 11418 | Lair:1   | 11418 ||| Stepping ~*~*~tactically~*~*~ (stealth).
 11423 | Lair:1   | 11423 ||| Stepping ~*~*~tactically~*~*~ (stealth).
 11424 | Lair:1   | 11424 ||| Stepping ~*~*~tactically~*~*~ (stealth).
 11425 | Lair:1   | 11425 ||| Stepping ~*~*~tactically~*~*~ (stealth).
 11484 | Lair:1   | 11484 ||| INVOKING Heroism.
 11489 | Lair:1   | Reached skill level 9 in Armour
 11604 | Lair:1   | Reached ***** piety under Okawaru
 11718 | Lair:1   | Identified the +2 spear "Worm" {drain, Fly rC+ Will+ Str+2}
 12062 | Lair:1   | 12062 ||| READING scroll labelled KASHRAN YSAEDOSH.
 12100 | Lair:2   | 12100 ||| STAIRDANCE
 12175 | Lair:2   | 12175 ||| Stepping ~*~*~tactically~*~*~ (stealth).
 12187 | Lair:2   | Received a gift from Okawaru
 12194 | Lair:2   | 12194 ||| INVOKING Heroism.
 12223 | Lair:2   | 12223 ||| Stepping ~*~*~tactically~*~*~ (stealth).
 12238 | Lair:2   | 12238 ||| INVOKING Heroism.
 12240 | Lair:2   | Reached skill level 9 in Invocations
 12379 | Lair:2   | 12379 ||| Stepping ~*~*~tactically~*~*~ (stealth).
 12380 | Lair:2   | 12380 ||| INVOKING Heroism.
 12454 | Lair:2   | 12454 ||| Stepping ~*~*~tactically~*~*~ (stealth).
 12469 | Lair:2   | 12469 ||| INVOKING Heroism.
 12639 | Lair:2   | Found a staircase to the Swamp.
 12647 | Lair:2   | Found a hole to the Spider Nest.
 12658 | Lair:2   | Noticed a four-headed hydra
 12659 | Lair:2   | 12659 ||| INVOKING Heroism.
 12660 | Lair:2   | 12660 ||| INVOKING Finesse.
 12664 | Lair:2   | 12664 ||| SWAPPING to +2 morningstar of protection.
 12669 | Lair:2   | Killed a four-headed hydra
 12670 | Lair:2   | Reached skill level 13 in Axes
 12670 | Lair:2   | Reached XP level 13. HP: 82/82 MP: 13/20
 12670 | Lair:2   | 12670 ||| UPGRADING to +3 broad axe of the Penguin {freeze,
                  | rPois Str+4}.
 12732 | Lair:2   | 12732 ||| INVOKING Heroism.
 12737 | Lair:2   | 12737 ||| Stepping ~*~*~tactically~*~*~ (cloud).
 12792 | Lair:2   | 12792 ||| INVOKING Heroism.
 12873 | Lair:2   | 12873 ||| Stepping ~*~*~tactically~*~*~ (stealth).
 12875 | Lair:2   | 12875 ||| INVOKING Heroism.
 12879 | Lair:2   | Reached skill level 3 in Throwing
 12950 | Lair:2   | 12950 ||| INVOKING Heroism.
 13057 | Lair:2   | You fall into a shaft and drop 1 floor!
 13068 | Lair:3   | 13068 ||| Stepping ~*~*~tactically~*~*~ (stealth).
 13069 | Lair:3   | 13069 ||| Stepping ~*~*~tactically~*~*~ (stealth).
 13070 | Lair:3   | 13070 ||| Stepping ~*~*~tactically~*~*~ (stealth).
 13072 | Lair:3   | 13072 ||| Stepping ~*~*~tactically~*~*~ (stealth).
 13144 | Lair:3   | 13144 ||| Stepping ~*~*~tactically~*~*~ (hiding).
 13317 | Lair:2   | Found a transporter.
 13321 | Lair:2   | Found a transporter.
 13603 | Lair:2   | 13603 ||| Stepping ~*~*~tactically~*~*~ (stealth).
 13609 | Lair:2   | 13609 ||| INVOKING Heroism.
 13617 | Lair:2   | 13617 ||| SWAPPING to +2 morningstar of protection.
 13618 | Lair:2   | 13618 ||| INVOKING Finesse.
 13722 | Lair:2   | 13722 ||| FLEEEEING.
 13765 | Lair:2   | 13765 ||| Stepping ~*~*~tactically~*~*~ (stealth).
 13789 | Lair:2   | 13789 ||| UPGRADING to +3 broad axe of the Penguin {freeze,
                  | rPois Str+4}.
 13839 | Lair:2   | Noticed Harold
 13840 | Lair:2   | 13840 ||| INVOKING Heroism.
 13847 | Lair:2   | Killed Harold
 14407 | Lair:3   | 14407 ||| Stepping ~*~*~tactically~*~*~ (stealth).
 14427 | Lair:3   | 14427 ||| Stepping ~*~*~tactically~*~*~ (stealth).
 14430 | Lair:3   | 14430 ||| STAIRDANCE
 14436 | Lair:2   | Identified the +3 scale mail "Warhavua" {rC+ rCorr}
                  | (Okawaru gifted it to you on level 2 of the Lair of Beasts)
 14436 | Lair:2   | Received a gift from Okawaru
 14486 | Lair:2   | 14486 ||| DROPPING +0 acid dragon scales.
 14499 | Lair:3   | 14499 ||| Stepping ~*~*~tactically~*~*~ (hiding).
 14510 | Lair:3   | 14510 ||| Stepping ~*~*~tactically~*~*~ (stealth).
 14511 | Lair:3   | 14511 ||| Stepping ~*~*~tactically~*~*~ (stealth).
 14512 | Lair:3   | 14512 ||| Stepping ~*~*~tactically~*~*~ (hiding).
 14517 | Lair:3   | 14517 ||| INVOKING Heroism.
 14518 | Lair:3   | 14518 ||| INVOKING Finesse.
 14526 | Lair:3   | Reached skill level 14 in Axes
 14551 | Lair:3   | 14551 ||| SWAPPING to +2 morningstar of protection.
 14620 | Lair:3   | 14620 ||| Stepping ~*~*~tactically~*~*~ (stealth).
 14661 | Lair:3   | 14661 ||| FLEEEEING.
 14662 | Lair:3   | 14662 ||| FLEEEEING.
 14663 | Lair:3   | 14663 ||| FLEEEEING.
 14664 | Lair:3   | 14664 ||| FLEEEEING.
 14667 | Lair:3   | 14667 ||| STAIRDANCE
 14694 | Lair:2   | 14694 ||| UPGRADING to +3 broad axe of the Penguin {freeze,
                  | rPois Str+4}.
 14703 | Lair:3   | 14703 ||| STAIRDANCE
 14793 | Lair:3   | 14793 ||| Stepping ~*~*~tactically~*~*~ (stealth).
 14795 | Lair:3   | 14795 ||| Stepping ~*~*~tactically~*~*~ (stealth).
 15254 | Lair:3   | 15254 ||| Stepping ~*~*~tactically~*~*~ (stealth).
 15481 | Lair:4   | 15481 ||| Stepping ~*~*~tactically~*~*~ (stealth).
 15482 | Lair:4   | 15482 ||| Stepping ~*~*~tactically~*~*~ (stealth).
 15484 | Lair:4   | 15484 ||| Stepping ~*~*~tactically~*~*~ (stealth).
 15486 | Lair:4   | 15486 ||| Stepping ~*~*~tactically~*~*~ (stealth).
 15487 | Lair:4   | 15487 ||| Stepping ~*~*~tactically~*~*~ (stealth).
 15493 | Lair:4   | 15493 ||| Stepping ~*~*~tactically~*~*~ (stealth).
 15496 | Lair:4   | 15496 ||| Stepping ~*~*~tactically~*~*~ (stealth).
 15497 | Lair:4   | 15497 ||| Stepping ~*~*~tactically~*~*~ (stealth).
 15498 | Lair:4   | 15498 ||| Stepping ~*~*~tactically~*~*~ (stealth).
 15501 | Lair:4   | 15501 ||| Stepping ~*~*~tactically~*~*~ (stealth).
 15689 | Lair:4   | 15689 ||| INVOKING Heroism.
 15694 | Lair:4   | 15694 ||| INVOKING Finesse.
 15749 | Lair:4   | Found a viscous altar of Jiyva.
 15751 | Lair:4   | 15751 ||| Stepping ~*~*~tactically~*~*~ (stealth).
 15757 | Lair:4   | Found a staircase to the Slime Pits.
 15944 | Lair:4   | 15944 ||| INVOKING Heroism.
 15949 | Lair:4   | Gained mutation: Your large and strong wings let you fly.
                  | [Gargoyle growth]
 15949 | Lair:4   | Reached XP level 14. HP: 90/90 MP: 18/21
 16212 | Lair:4   | 16212 ||| Stepping ~*~*~tactically~*~*~ (stealth).
 16364 | Lair:4   | 16364 ||| INVOKING Heroism.
 16366 | Lair:4   | 16366 ||| INVOKING Finesse.
 16369 | Lair:4   | 16369 ||| SWAPPING to +2 morningstar of protection.
 16396 | Lair:4   | 16396 ||| UPGRADING to +3 broad axe of the Penguin {freeze,
                  | rPois Str+4}.
 16416 | Lair:4   | 16416 ||| READING scroll of enchant armour.
 16416 | Lair:4   | 16416 ||| ENCHANTING +0 pair of gloves.
 16679 | Lair:4   | 16679 ||| READING scroll labelled WACSATIWKER.
 16725 | Lair:5   | Entered Level 5 of the Lair of Beasts
 16788 | Lair:5   | Received a gift from Okawaru
 16789 | Lair:5   | 16789 ||| Stepping ~*~*~tactically~*~*~ (stealth).
 16849 | Lair:5   | 16849 ||| Stepping ~*~*~tactically~*~*~ (stealth).
 16850 | Lair:5   | 16850 ||| Stepping ~*~*~tactically~*~*~ (stealth).
 16851 | Lair:5   | 16851 ||| INVOKING Heroism.
 16852 | Lair:5   | 16852 ||| SWAPPING to +2 morningstar of protection.
 16853 | Lair:5   | 16853 ||| INVOKING Finesse.
 16874 | Lair:5   | Reached skill level 15 in Axes
 16889 | Lair:5   | HP: 16/90 [yak (8)]
 16890 | Lair:5   | 16890 ||| READING 8 scrolls of teleportation.
 16903 | Lair:5   | 16903 ||| READING 7 scrolls of teleportation.
 16903 | Lair:5   | HP: 13/90 [hell hound/blast of flame (2)]
 16914 | Lair:5   | 16914 ||| READING 6 scrolls of teleportation.
 16952 | Lair:5   | 16952 ||| Stepping ~*~*~tactically~*~*~ (stealth).
 16954 | Lair:5   | 16954 ||| FLEEEEING.
 16963 | Lair:5   | 16963 ||| INVOKING Heroism.
 17055 | Lair:5   | 17055 ||| FLEEEEING.
 17056 | Lair:5   | 17056 ||| FLEEEEING.
 17057 | Lair:5   | 17057 ||| FLEEEEING.
 17058 | Lair:5   | 17058 ||| FLEEEEING.
 17059 | Lair:5   | 17059 ||| STAIRDANCE
 17138 | Lair:4   | 17138 ||| UPGRADING to +3 broad axe of the Penguin {freeze,
                  | rPois Str+4}.
 17281 | Lair:5   | 17281 ||| INVOKING Heroism.
 17286 | Lair:5   | 17286 ||| SWAPPING to +2 morningstar of protection.
 17318 | Lair:5   | 17318 ||| Stepping ~*~*~tactically~*~*~ (stealth).
 17332 | Lair:5   | HP: 21/90 [yak (9)]
 17333 | Lair:5   | 17333 ||| READING 5 scrolls of teleportation.
 17334 | Lair:5   | 17334 ||| INVOKING Heroism.
 17338 | Lair:5   | 17338 ||| READING 4 scrolls of teleportation.
 17338 | Lair:5   | HP: 15/90 [polar bear (6)]
 17338 | Lair:5   | HP: 5/90 [boulder beetle (10)]
 17338 | Lair:5   | HP: 1/90 [raiju (4)]
 17338 | Lair:5   | Slain by a raiju

Levels and vault maps discovered:
D:1:      nicolae_arrival_memento_mori, layout_basic
D:2:      layout_basic, serial_shops, nicolae_shop_tiny_statue_garden,
          kennysheep_generic_room_9
D:3:      layout_basic, grunt_qazlal_clouds, serial_bayou,
          serial_bayou_lagoon_a, serial_bayou_ford_a, serial_bayou_shore_a,
          serial_bayou_shore_b, serial_bayou_pond_c
D:4:      layout_basic, serial_shops, shop, hex_tiny
D:5:      layout_cave_pods, uniq_prince_ribbit1
D:6:      layout_basic
D:7:      layout_loops_ring, minmay_temple_entry_butterflies,
          gammafunk_ghost_split, solitary_fountain, grunt_ministairs_9,
          dk_rats_in_the_wall, uniq_crazy_yiuf_cottage, uniq_maggie
D:8:      layout_cave_pools, minmay_overflow_temple_star_hex, serial_gnoll_camp,
          gnoll_camp_mini_basic, gnoll_camp_huts_basic, gnoll_camp_mini_shop,
          gnoll_camp_mini_hut, gnoll_camp_mini_shop, serial_shops,
          nicolae_shop_tiny_statue_garden, nicolae_shop_stone
D:9:      layout_irregular_city, grunt_ministairs_6,
          nicolae_shop_i_like_big_books
D:10:     layout_small_grid, serial_shops, shop
D:11:     layout_basic, due_lair_maze_entry_diamond, serial_shops,
          nicolae_shop_stone, gauntlet_entry_generic, minmay_st_funbox,
          kennysheep_generic_room_12
D:12:     four-leaf_vault, layout_cave_pools, billiards_dpeg
Temple:   eino_temple_rhombus
Lair:1:   layout_small_grid, minivault_23
Lair:2:   gammafunk_boulding_lane, layout_gridlike, minmay_swamp_entry_worms,
          nicolae_spider_entry_lesser_pyramids, nicolae_volcano_entry_s_turn,
          serial_forest, infiniplex_forest_corner_1, infiniplex_forest_end_2,
          infiniplex_forest_straight_3, infiniplex_forest_clump_long,
          infiniplex_forest_end_2, infiniplex_forest_clump_curved,
          infiniplex_forest_split, roderic_batcave, pdpol_lair_cavern_descent,
          uniq_harold
Lair:3:   nzn_winding_woodlands_small [nzn_winding_woodlands_5x15_parted,
          nzn_winding_woodlands_center_garden,
          nzn_winding_woodlands_5x15_concentric], layout_concentric_octagons
Lair:4:   layout_layer_cave, nicolae_slime_entry_slimehenge
Lair:5:   hangedman_lair_caniforms_friends, layout_hall_layers,
          hangedman_lair_tendril_chambers

Skill      XL: |  1  2  3  4  5  6  7  8  9 10 11 12 13 14 |
---------------+-------------------------------------------+-----
Axes           | 2 3 4 5 7 8 10 11 12 13 14 15 | 15.0
Dodging        | 2 3 4 |  4.0
Fighting       | 4 8 9 10 11 | 11.3
Armour         | 4 7 8 9 10 11 | 11.0
Shields        | 4 5 6 7 |  7.0
Invocations    | 4 6 10 | 10.0
Throwing       | 1 2 4 |  4.9

Action                     |  1- 3 |  4- 6 |  7- 9 | 10-12 | 13-15 || total
---------------------------+-------+-------+-------+-------+-------++-------
  Melee: War axe           |   105 |    71 |       |       |       ||   176
         Broad axe         |       |    29 |   150 |   486 |   247 ||   912
         Morningstar       |       |       |       |     5 |   172 ||   177
  Throw: Boomerang         |       |    43 |       |    97 |    51 ||   191
         Javelin           |       |       |       |    29 |    18 ||    47
 Invoke: Heroism           |       |       |       |    27 |    14 ||    41
         Finesse           |       |       |       |     1 |     5 ||     6
    Use: Scroll            |     4 |     4 |     6 |    10 |     7 ||    31
         Potion            |       |     2 |     3 |     2 |       ||     7
 Armour: Scale mail        |    58 |    38 |     4 |       |       ||   100
         Chain mail        |       |       |    64 |    39 |       ||   103
         Plate armour      |       |       |       |   255 |   245 ||   500
  Dodge: Dodged            |    46 |    30 |    48 |   221 |   175 ||   520
  Block: Buckler           |    19 |    14 |    43 |   140 |   122 ||   338

Table legend:
 A = Non-vault XP
 B = Vault XP
 C = Vault XP percentage of total XP
 D = Non-vault monster count
 E = Vault monster count
 F = Vault count percentage of total count
                 A         B        C        D         E       F
            +---------+---------+-------+---------+---------+-------
      Total |   46508 |   20342 |  30.4 |     325 |     138 |  29.8
            +---------+---------+-------+---------+---------+-------
        D:1 |      34 |       0 |   0.0 |      20 |       0 |   0.0
        D:2 |      69 |       0 |   0.0 |      27 |       0 |   0.0
        D:3 |      27 |       0 |   0.0 |      12 |       0 |   0.0
        D:4 |     583 |       0 |   0.0 |      20 |       0 |   0.0
        D:5 |     501 |     291 |  36.7 |      12 |       1 |   7.7
        D:6 |    1134 |       0 |   0.0 |       8 |       0 |   0.0
        D:7 |     604 |     689 |  53.3 |       6 |      30 |  83.3
        D:8 |    2607 |     734 |  22.0 |      29 |      26 |  47.3
        D:9 |    2426 |     525 |  17.8 |      24 |       8 |  25.0
       D:10 |    2710 |       0 |   0.0 |      26 |       0 |   0.0
       D:11 |    3417 |    1103 |  24.4 |      21 |      11 |  34.4
     Lair:1 |    4589 |       0 |   0.0 |      21 |       0 |   0.0
     Lair:2 |    9706 |    7045 |  42.1 |      37 |      28 |  43.1
     Lair:3 |    4964 |    7470 |  60.1 |      23 |      21 |  47.7
     Lair:4 |    6473 |     131 |   2.0 |      20 |       4 |  16.7
     Lair:5 |    6664 |    2354 |  26.1 |      19 |       9 |  32.1
            +---------+---------+-------+---------+---------+-------
